[Event "*** Titled Tuesday 3|2 Blitz"]
[Site "Chess.com"]
[Date "2015.10.06"]
[Round "7"]
[White "pKiLz5Rn9b"]
[Black "ltpnj"]
[Result "1/2-1/2"]
[WhiteElo "2392"]
[BlackElo "2334"]
[TimeControl "180+2"]
[EndTime "18:33:26 PDT"]
[Termination "Game drawn by agreement"]

1. d4 d5 2. c4 dxc4 3. Nf3 Nf6 4.
Nc3 a6 5. a4 Nc6 6. a5 e6 7. e3 Bb4 8. Bxc4 Nxa5 9. Bd3 O-O 10. O-O c5 11. Na2 Nc6 12. Nxb4 Nxb4 13. Bb1 cxd4 14. Nxd4 b6 15. Qf3 Qd5 16. Qh3 Bb7 17. Bd2 Nc6 18. Nf3 Ne5 19. Nxe5 Qxd2 20. Ng4 Ne4 21.
Ra4 f5 22. Ne5 Qxb2 23. Rd4 Rad8 24. Nd7 Rf7 25. Nf6+ Nxf6 26. Rxd8+ Rf8 27. Rxf8+ Kxf8 28. Qg3 Bd5 29. Qd6+ Kf7 30. Qc7+ Kg6 31. f3 h6 32. e4 Qd4+ 33. Kh1 fxe4 34. fxe4 Bxe4 35. Qg3+ Kh7 36. Qf4 e5 37. Bxe4+ Qxe4 38. Qf2 b5 39. Re1 Qd4 40. Qf5+ Kg8 41. Qc8+ Kf7 42. Qxa6 b4 43. Qb7+ Kg6 44. h3 Nd5 45. Qc6+ Kh7 46. Qd7 b3 47. Qf5+ Kg8 48. Rxe5 Nf6 49. Rb5 Qd1+ 50. Kh2 Qd6+ 51. Qe5 Qd3 52.
Rb8+ Kh7 53. Rb7 Kg6 54. Rb4 Qc2 55. Qb8 Nd7 56. Qb5 Nf6 57. Rxb3 Qc7+ 58. Rg3+ Kh7 59. Qd3+ Kg8 60. Qf3 Qe5 61. Kg1 Qe1+ 62. Kh2 Qe5 63. Qb3+ Kh7 64. Qd3+ Ne4 65. Kg1 Qxg3 66. Qxe4+ Qg6 67.
Qe3 Qf5 68. Qg3 h5 69. Qe3 g6 70.
h4 Kg7 71. Qe7+ Qf7 72. Qe5+ Qf6 73. Qc7+ Qf7 74. Qc3+ Qf6 75. Qe1 Qf4 76. g3 Qd4+ 77.
Kh2 Qb2+ 78. Kh3 Qf6 79. Qe2 Qf5+ 80. Kh2 Qd5 81. Qb2+ Kf7 82. Qf2+ Kg7 83. Qf4 Qa2+ 84. Kg1 Qe6 85. Qd4+ Qf6 86. Qd7+ Qf7 87. Qd2 Qf6 88. Qe3 Qa1+ 89. Kf2 Qf6+ 90. Ke1 Qa1+ 91. Kd2 Qb2+ 92. Ke1 Kf6 93. Qf4+ Kg7 94. Qc7+ Kg8 95. Qd8+ Kg7 96. Qe7+ Kg8 97. Qe6+ Kg7 98. Qe3 Qc2 99. Qd4+ Kf7 100. Qd5+ Kg7 101. Qe5+ Kf7 102. Qf4+ Kg7 103. Qd4+ Kf7 1/2-1/2

[Event "*** Titled Tuesday 3|2 Blitz"]
[Site "Chess.com"]
[Date "2015.10.06"]
[Round "8"]
[White "jlandaw"]
[Black "Viaje"]
[Result "1-0"]
[WhiteElo "2384"]
[BlackElo "2205"]
[TimeControl "180+2"]
[EndTime "18:37:00 PDT"]
[Termination "jlandaw won by resignation"]

1. e4 c5 2. Nc3 d6 3. g3 a6 4.
Bg2 Nf6 5. d3 g6 6. f4 Bg7 7. Nf3 Nc6 8. O-O Rb8 9. h3 O-O 10. a3 b5 11. Be3 Bb7 12. g4 Qc7 13. Rb1 Nd7 14. g5 Nd4 15. h4 Nxf3+ 16. Qxf3 b4 17. Nd5 Bxd5 18. exd5 bxa3 19. bxa3 c4 20. d4 c3 21. f5 Rxb1 22. Rxb1 Rb8 23. Rf1 Rb2 24.
fxg6 fxg6 25. Qf7+ Kh8 26. Qe8+ 1-0

[Event "*** Titled Tuesday 3|2 Blitz"]
[Site "Chess.com"]
[Date "2015.10.06"]
[Round "8"]
[White "Dlugy"]
[Black "jbj"]
[Result "1-0"]
[WhiteElo "2553"]
[BlackElo "2300"]
[TimeControl "180+2"]
[EndTime "18:37:36 PDT"]
[Termination "Dlugy won by checkmate"]

1. d4 Nf6 2. Bf4 e6 3. e3 c5 4. c3 cxd4 5. exd4 b6 6. Nf3 Bb7 7. Bd3 Be7 8. O-O O-O 9. Nbd2 d6 10. Re1 Nbd7 11. a4 a6 12. h3 Re8 13. Qe2 Bf8 14.
Qf1 Qc7 15. Nc4 h6 16. Ncd2 e5 17. dxe5 Nxe5 18. Be2 Qc5 19. Be3 Qc7 20. Nd4 Nd5 21. Bd1 Nxe3 22. Rxe3 d5 23. Bb3 Nd7 24. Qe2 Rxe3 25.
Qxe3 Nc5 26. Bc2 Bd6 27. Re1 Bf4 28. Qe8+ Rxe8 29. Rxe8# 1-0

[Event "*** Titled Tuesday 3|2 Blitz"]
[Site "Chess.com"]
[Date "2015.10.06"]
[Round "8"]
[White "Makalexa"]
[Black "ilmago"]
[Result "1-0"]
[WhiteElo "2013"]
[BlackElo "1885"]
[TimeControl "180+2"]
[EndTime "18:38:59 PDT"]
[Termination "Makalexa won by resignation"]

1. e4 c5 2. Nf3 d6 3. d4 cxd4 4.
Nxd4 Nf6 5. Nc3 a6 6. Be3 e6 7. f3 Be7 8. Qd2 b5 9. g4 Bb7 10. g5 Nfd7 11. Nce2 Ne5 12. Ng3 Nbc6 13. Nxc6 Bxc6 14. Be2 Nc4 15. Bxc4 bxc4 16. Qc3 Bxg5 17. Qxg7 Bf6 18. Qg4 Bxb2 19. Rd1 Bc3+ 20. Kf2 Kd7 21. e5 Bd5 22. Rxd5 Rg8 23. Rxd6+ Kc7 24.
Qxc4+ Kb7 1-0

[Event "*** Titled Tuesday 3|2 Blitz"]
[Site "Chess.com"]
[Date "2015.10.06"]
[Round "8"]
[White "StellarChessPro"]
[Black "UltimateCrusher2"]
[Result "1-0"]
[WhiteElo "2245"]
[BlackElo "1998"]
[TimeControl "180+2"]
[EndTime "18:39:25 PDT"]
[Termination "StellarChessPro won by resignation"]

1. d4 Nf6 2. Bg5 Ne4 3. Bf4 d6 4. f3 Nf6 5. e4 g6 6. Nc3 Bg7 7. Qd2 O-O 8. h4 h5 9. Nge2 a6 10. g3 b5 11. a3 c5 12. d5 Nbd7 13. Bh3 Nb6 14. b3 Bxh3 15. Rxh3 Qd7 16. Rh1 Rfc8 17. Kf2 a5 18. Rag1 b4 19. Nb1 bxa3 20. g4 a4 21. Bh6 hxg4 22. h5 Nxh5 23. Bxg7 g3+ 24. Nxg3 Kxg7 25.
Nxh5+ Kf8 26. Qh6+ 1-0

[Event "*** Titled Tuesday 3|2 Blitz"]
[Site "Chess.com"]
[Date "2015.10.06"]
[Round "8"]
[White "Mornar1951"]
[Black "jcibarra"]
[Result "0-1"]
[WhiteElo "2595"]
[BlackElo "2506"]
[TimeControl "180+2"]
[EndTime "18:39:33 PDT"]
[Termination "jcibarra won by resignation"]

1. d4 Nf6 2. Nf3 g6 3. c4 d6 4.
Nc3 Bf5 5. h3 Ne4 6. Qb3 Nxc3 7.
bxc3 b6 8. c5 Bg7 9. e4 Bxe4 10. Ng5 d5 11. Nxe4 dxe4 12. Bc4 O-O 13. cxb6 axb6 14. Bd5 Ra5 15. Bxe4 e5 16. O-O exd4 17.
Bb2 Qh4 18. Rfe1 dxc3 19. Bxc3 Bxc3 20. Qxc3 Rc5 21. Qf3 Nd7 22. Rad1 Ne5 23. Qb3 Rd8 24.
g3 Rxd1 25. Rxd1 Qxe4 0-1

[Event "*** Titled Tuesday 3|2 Blitz"]
[Site "Chess.com"]
[Date "2015.10.06"]
[Round "8"]
[White "Andnar"]
[Black "chess960now"]
[Result "1-0"]
[WhiteElo "2237"]
[BlackElo "1981"]
[TimeControl "180+2"]
[EndTime "18:39:39 PDT"]
[Termination "Andnar won by resignation"]

1. e4 d5 2. exd5 c6 3. dxc6 Nxc6 4. Nc3 e5 5. Bc4 Nf6 6. h3 Bd6 7. Nf3 e4 8. Ng5 Ne5 9. Bb5+ Bd7 10. Bxd7+ Qxd7 11.
Ncxe4 O-O-O 12. O-O Bb8 13. Ng3 h6 14. Nf3 g5 15.
Nxe5 Bxe5 16. d3 Rdg8 17. Qf3 Kb8 18. Qf5 Qc7 19. Bd2 h5 20. Bxg5 Nd5 21. d4 Bxg3 22.
fxg3 Qxg3 23. Bf4+ Nxf4 24. Qxf4+ Qxf4 25. Rxf4 Rg3 26. Raf1 Re8 27. R1f2 Rge3 28. Rxf7 Re1+ 29. Kh2 Rc1 30. Rh7 a6 31. Rxh5 1-0

[Event "*** Titled Tuesday 3|2 Blitz"]
[Site "Chess.com"]
[Date "2015.10.06"]
[Round "8"]
[White "Gabrinsky"]
[Black "chesstatour"]
[Result "1-0"]
[WhiteElo "2475"]
[BlackElo "1901"]
[TimeControl "180+2"]
[EndTime "18:40:07 PDT"]
[Termination "Gabrinsky won by resignation"]

1. e4 c6 2. d4 d5 3. exd5 cxd5 4. Bd3 Nc6 5. c3 g6 6. Bf4 Bg7 7. Nd2 Nh6 8. Ngf3 O-O 9. O-O f6 10. Re1 Nf7 11. Bb5 e5 12. Bxc6 bxc6 13. dxe5 fxe5 14. Nxe5 Nxe5 15. Bxe5 Bxe5 16. Rxe5 Qf6 17. Qe2 Ba6 18. Qe3 Rf7 19. Re1 Raf8 20. f3 Kg7 21. Re6 Qf4 22. Qxf4 Rxf4 23. Rxc6 Bb7 24. Rc7+ R8f7 25. Ree7 Rxe7 26.
Rxe7+ Rf7 27. Rxf7+ Kxf7 28. Nb3 Ba6 29. Kf2 Bc4 30. Nc1 Ke6 31. b3 Bb5 32. Ke3 Ke5 33. g3 Bf1 34. Nd3+ Kd6 35. Kd4 Bg2 36. f4 Be4 37.
Nc5 Bb1 38. a4 Ba2 39. b4 Bc4 40. Nd3 a6 41. Ne5 Bb3 42. a5 Ke6 43. Nd3 Bc4 44. Ne5 Kf5 45. Nxc4 dxc4 46. b5 1-0

[Event "*** Titled Tuesday 3|2 Blitz"]
[Site "Chess.com"]
[Date "2015.10.06"]
[Round "8"]
[White "cheese111"]
[Black "HubertKnott"]
[Result "1-0"]
[WhiteElo "2154"]
[BlackElo "1979"]
[TimeControl "180+2"]
[EndTime "18:40:17 PDT"]
[Termination "cheese111 won by resignation"]

1. e4 e5 2. Nf3 Nc6 3. Nc3 Nf6 4.
g3 Bc5 5. Bg2 d6 6. d3 a6 7. O-O h6 8. Be3 Ba7 9. Nd2 Nd4 10. Kh1 Bg4 11. Qc1 Ne2 12. Nxe2 Bxe2 13. Re1 Bh5 14. Bxa7 Rxa7 15. Nc4 O-O 16. f4 exf4 17.
Qxf4 Bg6 18. Ne3 Nh5 19. Qf2 Ra8 20. Nd5 c6 21. Nf4 Nxf4 22. gxf4 Qf6 23. c3 Rfe8 24. Qg3 Re7 25. Re2 Rae8 26. Rf1 d5 27. e5 Qf5 28. Re3 f6 29. Bh3 Qh5 30. Bg4 Bxd3 31. Bxh5 Bxf1 32. Bxe8 1-0

[Event "*** Titled Tuesday 3|2 Blitz"]
[Site "Chess.com"]
[Date "2015.10.06"]
[Round "8"]
[White "AlexanderL"]
[Black "GMVallejo"]
[Result "0-1"]
[WhiteElo "2543"]
[BlackElo "2689"]
[TimeControl "180+2"]
[EndTime "18:40:51 PDT"]
[Termination "GMVallejo won by resignation"]

1. d4 f5 2. c4 Nf6 3. Nc3 e6 4. Nf3 Bb4 5. Qc2 b6 6. g3 Bb7 7. Bg2 Be4 8. Qb3 a5 9. O-O Bxc3 10. Qxc3 O-O 11. b3 d6 12. Bb2 Qe7 13. Rfe1 Nbd7 14.
Rad1 a4 15. b4 b5 16. a3 bxc4 17. Qxc4 Nb6 18. Qc1 Nbd5 19. Bf1 f4 20. Nd2 Qf7 21. g4 Qg6 22. f3 Bc2 23. Nc4 Nxg4 24. Rd2 Nxh2+ 25.
Bg2 Rf5 26. Qxc2 Qg3 27. Rf1 Nxf1 28. Kxf1 Ne3+ 29. Nxe3 fxe3 0-1

[Event "*** Titled Tuesday 3|2 Blitz"]
[Site "Chess.com"]
[Date "2015.10.06"]
[Round "8"]
[White "Bab3s"]
[Black "wonderfultime"]
[Result "0-1"]
[WhiteElo "2134"]
[BlackElo "2626"]
[TimeControl "180+2"]
[EndTime "18:40:55 PDT"]
[Termination "wonderfultime won on time"]

1. e4 c5 2. c3 d5 3. exd5 Qxd5 4. d4 Nf6 5. Nf3 Bg4 6. Nbd2 e6 7. Bc4 Qd8 8. Qb3 Bxf3 9. Nxf3 Qc8 10. O-O Be7 11.
Re1 O-O 12. Rxe6 Nc6 13. Re1 cxd4 14. Bb5 Bc5 15. Bxc6 Qxc6 16. cxd4 Bb6 17. Bg5 Rad8 18. Bxf6 Qxf6 19. Rad1 Rd6 20. h3 Rfd8 21. Re4 h6 22. Rde1 R8d7 23. Re8+ Kh7 24. Qd3+ g6 25. Qe4 Bxd4 26.
Nxd4 Rxd4 27. Qf3 Rf4 28. Qe3 Rf5 29. f3 Qxb2 30. Qxa7 Rd2 0-1

[Event "*** Titled Tuesday 3|2 Blitz"]
[Site "Chess.com"]
[Date "2015.10.06"]
[Round "8"]
[White "ltpnj"]
[Black "3f32"]
[Result "0-1"]
[WhiteElo "2325"]
[BlackElo "2282"]
[TimeControl "180+2"]
[EndTime "18:40:57 PDT"]
[Termination "3f32 won by checkmate"]

1. e4 e5 2. Nf3 Nc6 3. Bc4 Bc5 4. O-O Nf6 5. Re1 d6 6. d3 O-O 7. c3 Ng4 8. Re2 Kh8 9. d4 Bb6 10. Bg5 f6 11. Bh4 g5 12. Bg3 h5 13. h3 Nh6 14.
Qd2 Kg7 15. dxe5 dxe5 16. Na3 g4 17. hxg4 Bxg4 18. Rd1 Qe7 19. Bd5 Rad8 20. Nc4 Bc5 21. Qc1 a6 22. Rd3 Nb8 23. Ncxe5 fxe5 24. Bh4 Qd6 25.
b4 Ba7 26. Bxd8 Qxd8 27. Qd2 Qf6 28. Bxb7 Qg6 29. Kf1 Bxf3 30. Rxf3 Rxf3 31. gxf3 Qf6 32. Re1 Qxf3 33. Bd5 Kh7 34. Qg5 Qxf2# 0-1

[Event "*** Titled Tuesday 3|2 Blitz"]
[Site "Chess.com"]
[Date "2015.10.06"]
[Round "8"]
[White "HansCoolNiemann"]
[Black "Jahonas"]
[Result "1-0"]
[WhiteElo "2124"]
[BlackElo "2059"]
[TimeControl "180+2"]
[EndTime "18:41:14 PDT"]
[Termination "HansCoolNiemann won by resignation"]

1. d4 d5 2. c4 c6 3. Nf3 Nf6 4. Nc3 dxc4 5. a4 Bf5 6. e3 e6 7. Bxc4 Bb4 8. O-O O-O 9. Re1 Bg6 10. Ne5 Nbd7 11. Nxg6 hxg6 12. Bd2 Qe7 13. a5 b5 14.
Bd3 a6 15. Ne4 Nxe4 16. Bxe4 Rac8 17. Rc1 Bxd2 18. Qxd2 Qd6 19. b4 Nf6 20. Bf3 Nd5 21. Rc5 e5 22. Rec1 Rcd8 23. Bxd5 cxd5 24. Rc6 Qe7 25.
Rc7 Qg5 26. dxe5 Qxe5 27. Qd4 Qxd4 28. exd4 Rd6 29. R7c6 Rfd8 30. Rxd6 Rxd6 31. Rc8+ Kh7 32. Rc7 f6 33. f3 g5 34. Kf2 Kg6 35. Kg3 Kf5 36.
Kf2 g6 37. g3 g4 38. fxg4+ Kxg4 39. h3+ Kf5 40. Kf3 Ke6 41. g4 g5 42. Ke3 Rd7 43. Rc6+ Rd6 44. Rc7 Rd7 45. Rc8 Kf7 46. Rc6 Ke7 47.
Rxa6 Rc7 48. Rb6 Rc3+ 49. Kd2 1-0

[Event "*** Titled Tuesday 3|2 Blitz"]
[Site "Chess.com"]
[Date "2015.10.06"]
[Round "8"]
[White "KyronGriffith"]
[Black "Penguininja"]
[Result "0-1"]
[WhiteElo "2221"]
[BlackElo "2152"]
[TimeControl "180+2"]
[EndTime "18:41:18 PDT"]
[Termination "Penguininja won by resignation"]

1. e4 e5 2. Nf3 Nc6 3. Bb5 f5 4. d3 fxe4 5. dxe4 Nf6 6. Nc3 Bb4 7.
Bg5 d6 8. O-O Bxc3 9. bxc3 O-O 10. Qd3 Qe8 11. Rab1 Be6 12. Bc4 b6 13. a4 Qf7 14.
Bxe6 Qxe6 15. Nd2 h6 16. Bxf6 Rxf6 17. f3 Na5 18. Rb4 Nb7 19. Qc4 Nc5 20. a5 bxa5 21.
Rb5 Qxc4 22. Nxc4 Na4 23. Ra1 Nxc3 24. Rb7 Rff8 25. Rxa5 Rfb8 26. Rxb8+ Rxb8 27. Rxa7 Rb1+ 28. Kf2 Rc1 29. Rxc7 Rxc2+ 30. Kg3 Ne2+ 31. Kh4 Nf4 32. Rc8+ Kh7 33. Nxd6 Rxg2 34. Nf7 g5+ 0-1

[Event "*** Titled Tuesday 3|2 Blitz"]
[Site "Chess.com"]
[Date "2015.10.06"]
[Round "8"]
[White "gmjlh"]
[Black "Noukii"]
[Result "1-0"]
[WhiteElo "2624"]
[BlackElo "2544"]
[TimeControl "180+2"]
[EndTime "18:41:33 PDT"]
[Termination "gmjlh won by resignation"]

1. e4 e5 2. Nf3 Nc6 3. Bb5 a6 4.
Ba4 Nf6 5. O-O Be7 6. d3 b5 7. Bb3 d6 8. a3 O-O 9. Nc3 Nb8 10. a4 b4 11. Nd5 Nxd5 12. Bxd5 c6 13. Bb3 a5 14. d4 Nd7 15. Be3 Qc7 16. c4 Re8 17. Re1 c5 18. d5 Nf6 19. Bc2 g6 20. h3 Nh5 21. Nh2 Qd8 22. Qd2 Bd7 23. b3 Kh8 24. Rad1 Rg8 25. Ng4 f5 26. Nh6 Rf8 27. exf5 gxf5 28.
g4 Ng7 29. f4 fxg4 30. hxg4 e4 31. Bxe4 Rf6 32. g5 Rxh6 33. gxh6 Nf5 34. Bxf5 Bxf5 35. Bd4+ cxd4 36. Qxd4+ Bf6 37. Re8+ 1-0

[Event "*** Titled Tuesday 3|2 Blitz"]
[Site "Chess.com"]
[Date "2015.10.06"]
[Round "8"]
[White "LePlusMortel"]
[Black "MFBerna"]
[Result "1-0"]
[WhiteElo "2395"]
[BlackElo "2145"]
[TimeControl "180+2"]
[EndTime "18:41:33 PDT"]
[Termination "LePlusMortel won on time"]

1. Nf3 d5 2. d4 Nf6 3. Bf4 c6 4. Nbd2 Bf5 5. c4 e6 6. Qb3 Qb6 7. c5 Qxb3 8. axb3 Na6 9. Rxa6 bxa6 10. e3 Nh5 11. Be5 f6 12. Bc7 Kd7 13. Ba5 Be7 14. h3 Bg6 15. g4 Rhb8 16. Kd1 Bd8 17. Bxd8 Kxd8 18. Bxa6 Kc7 19. Rg1 Rg8 20. gxh5 Bxh5 21.
Kc2 g5 22. Nh2 Bg6+ 23. Bd3 Bxd3+ 24. Kxd3 Rg6 25. Kc3 Rf8 26. Ng4 h5 27. Nh2 e5 28.
Ndf3 e4 29. Nh4 Rgg8 30. Nf5 Kd7 31. b4 Ke6 32. Nd6 f5 33. b5 cxb5 34. Nxb5 Rg7 35. Ra1 f4 36. Ra6+ Kf7 37. Nc7 Rd8 38. Ne6 Rg6 39.
Nxd8+ 1-0

[Event "*** Titled Tuesday 3|2 Blitz"]
[Site "Chess.com"]
[Date "2015.10.06"]
[Round "8"]
[White "lorcho"]
[Black "facu57"]
[Result "0-1"]
[WhiteElo "2589"]
[BlackElo "2536"]
[TimeControl "180+2"]
[EndTime "18:42:06 PDT"]
[Termination "facu57 won by resignation"]

1. e4 e5 2. Nf3 Nc6 3. Bb5 Nf6 4. Qe2 Bc5 5. c3 O-O 6. O-O d6 7. Bxc6 bxc6 8. d4 exd4 9. cxd4 Bb6 10. Bg5 h6 11.
Bh4 Re8 12. Nbd2 Bg4 13. Rfe1 Bxf3 14. Nxf3 g5 15. Nxg5 hxg5 16. Bxg5 Bxd4 17. Rad1 c5 18. Qf3 Re6 19. e5 dxe5 20. b4 Kg7 21. bxc5 Rb8 22. Qg3 Nh5 23. Qh4 Qh8 24. Rxd4 exd4 25. Rd1 Kg8 26. g4 Nf6 27. Qg3 Ne4 28. Qxc7 Rf8 29. Bf4 Qh3 30. Bg3 Nxg3 31. Qxg3 Qxg3+ 32. hxg3 Rd8 33. Rd3 Rc6 34. g5 Rxc5 35. Kg2 Rc3 36. Rd1 d3 37. f4 d2 38. f5 0-1

[Event "*** Titled Tuesday 3|2 Blitz"]
[Site "Chess.com"]
[Date "2015.10.06"]
[Round "8"]
[White "Zvonokchess"]
[Black "pKiLz5Rn9b"]
[Result "0-1"]
[WhiteElo "2481"]
[BlackElo "2402"]
[TimeControl "180+2"]
[EndTime "18:42:12 PDT"]
[Termination "pKiLz5Rn9b won on time"]

1. Nf3 Nf6 2. g3 e6 3. Bg2 d5 4.
O-O Be7 5. c4 O-O 6. b3 c5 7.
Bb2 Nc6 8. e3 d4 9. exd4 cxd4 10. d3 Ne8 11. Nbd2 e5 12. Re1 f6 13. a3 a5 14. Qc2 Nc7 15. Rad1 g5 16. h4 h6 17. hxg5 hxg5 18. Nh2 Bf5 19. Ne4 Bg6 20. Qe2 Kg7 21.
f4 Rh8 22. fxg5 f5 23. Nf6 Bxf6 24.
gxf6+ Qxf6 25. Bxc6 bxc6 26. Qxe5 Qxe5 27. Rxe5 Kf7 28.
Bxd4 Ne6 29. Rxe6 Kxe6 30. Bxh8 Rxh8 31. Re1+ Kf6 32. Nf3 Rb8 33. Nd2 c5 34. Kf2 Rh8 35. Nf3 Rb8 36. Rb1 a4 0-1

[Event "*** Titled Tuesday 3|2 Blitz"]
[Site "Chess.com"]
[Date "2015.10.06"]
[Round "8"]
[White "Goala"]
[Black "simplerXiao"]
[Result "1-0"]
[WhiteElo "2195"]
[BlackElo "2419"]
[TimeControl "180+2"]
[EndTime "18:42:34 PDT"]
[Termination "Goala won by checkmate"]

1. d4 Nf6 2. c4 g6 3. Nc3 Bg7 4. e4 d6 5. h3 O-O 6. Bg5 h6 7. Be3 e5 8. d5 a5 9. Nf3 Na6 10.
g4 Nc5 11. Nd2 c6 12. Be2 cxd5 13. cxd5 a4 14. Bxc5 dxc5 15. Nxa4 b6 16. Qb3 Bd7 17. Nxb6 Rb8 18. Ndc4 Nxe4 19. a4 Qh4 20. Qe3 f5 21. Nxd7 Rb3 22. Qxb3 Qxf2+ 23. Kd1 Qd4+ 24. Kc1 Rd8 25.
Rd1 Qf2 26. Qf3 Qh2 27. Rh1 Qg3 28. Ndb6 Qh4 29. a5 Bf6 30. a6 Bg5+ 31. Kb1 Ng3 32. Rg1 f4 33. a7 e4 34. Qf2 e3 35. Qf3 Qxh3 36. a8=Q Qh2 37. Re1 Qf2 38. Qxd8+ Bxd8 39. Ka2 Nxe2 40. Qxe2 Qg3 41. d6 Bg5 42. Qd3 f3 43.
Qxg6+ Kf8 44. Kb3 f2 45. Ra8+ Bd8 46. Rxd8# 1-0

[Event "*** Titled Tuesday 3|2 Blitz"]
[Site "Chess.com"]
[Date "2015.10.06"]
[Round "8"]
[White "Po6Don"]
[Black "Assasin14"]
[Result "1-0"]
[WhiteElo "2047"]
[BlackElo "1751"]
[TimeControl "180+2"]
[EndTime "18:42:46 PDT"]
[Termination "Po6Don won by checkmate"]

1. e4 c5 2. c3 d5 3. exd5 Qxd5 4. Nf3 Nf6 5. d4 Bg4 6. Nbd2 e6 7. Bc4 Qd7 8. Qb3 cxd4 9. O-O dxc3 10. bxc3 Nc6 11.
Rb1 Rb8 12. Bb5 Bd6 13. Rd1 O-O 14. Nc4 Nd5 15. Nxd6 Bxf3 16. gxf3 Qxd6 17. c4 a6 18. Ba3 Qf4 19. cxd5 Nd4 20. Rxd4 Qxd4 21. Rd1 Qf6 22. Bxf8 Rxf8 23. Bf1 exd5 24. Rxd5 Qg6+ 25. Kh1 h6 26.
Qd3 Qf6 27. Bh3 Re8 28. f4 g6 29. f5 g5 30. Qd4 Re1+ 31. Kg2 Qc6 32. Bg4 Re8 33.
Bf3 Qc1 34. Rd8 Qe1 35. Rxe8+ Qxe8 36. Bxb7 Kh7 37. f6 a5 38. Qe4+ Qxe4+ 39. Bxe4+ Kh8 40. Kg3 Kg8 41. h4 Kf8 42. hxg5 hxg5 43. Kg4 Ke8 44. Kxg5 Kd7 45. f4 Ke6 46. Bg6 a4 47. a3 fxg6 48.
Kxg6 Kd5 49. f7 Kc4 50. f8=Q Kb3 51. Qb4+ Ka2 52. Qxa4 Kb2 53. Qb4+ Kc2 54. a4 Kd3 55. a5 Ke2 56. a6 Kf3 57. f5 Ke3 58. a7 Ke2 59.
a8=Q Kf2 60. Qaa3 Kf1 61. Qbb2 Ke1 62. Qaa1# 1-0

[Event "*** Titled Tuesday 3|2 Blitz"]
[Site "Chess.com"]
[Date "2015.10.06"]
[Round "8"]
[White "josiwales"]
[Black "NMofPuppets"]
[Result "1-0"]
[WhiteElo "2041"]
[BlackElo "2148"]
[TimeControl "180+2"]
[EndTime "18:43:22 PDT"]
[Termination "josiwales won by resignation"]

1. e4 e5 2. Nf3 Nc6 3. Bb5 a6 4. Ba4 Nf6 5. O-O Be7 6. Re1 b5 7. Bb3 O-O 8. h3 d6 9. c3 Na5 10. Bc2 c5 11. d3 Bd7 12. Be3 Qc7 13. Nbd2 Rfd8 14. Nf1 d5 15. exd5 Nxd5 16. Rc1 Re8 17.
d4 Nxe3 18. Nxe3 exd4 19. cxd4 c4 20. Be4 Rad8 21. d5 Bb4 22. d6 Qc5 23. Nd5 Bxe1 24.
Ne7+ Kh8 25. Nxe1 Nc6 26. b4 Nxb4 27. Qf3 Rxe7 28. dxe7 Qxe7 29. Rd1 Nxa2 30. Nc2 b4 31. Ne3 c3 32. Nd5 Qe6 33. Nf4 Qe7 34. Nd5 Qe8 35. Re1 Be6 36. Qh5 g6 37. Qe5+ Kg8 38. Nf6+ Kf8 39. Nxe8 Rxe8 40. Qh8+ Ke7 41. Qd4 Rd8 42.
Qa7+ Rd7 43. Qxa6 b3 44. Qa3+ Ke8 45. Bc6 c2 46. Bxd7+ Kxd7 47. Qb2 Nb4 48. Qd4+ Nd5 49. Qb2 Nb4 50. Qd4+ Nd5 51. Qa7+ Ke8 52. Qb7 Kf8 53.
Qxb3 Kg7 54. Qxc2 Nf4 55. Qc3+ f6 56. Qc7+ 1-0

[Event "*** Titled Tuesday 3|2 Blitz"]
[Site "Chess.com"]
[Date "2015.10.06"]
[Round "8"]
[White "Tal-Baronfew"]
[Black "LyonBeast"]
[Result "1-0"]
[WhiteElo "2761"]
[BlackElo "2707"]
[TimeControl "180+2"]
[EndTime "18:43:32 PDT"]
[Termination "Tal-Baronfew won by resignation"]

1. e4 c6 2. d4 d5 3. Nd2 dxe4 4. Nxe4 Nd7 5. Ng5 e6 6. Bd3 Ngf6 7. N1f3 Bd6 8. Qe2 h6 9. Ne4 Nxe4 10. Qxe4 Qc7 11.
O-O b6 12. Qg4 Kf8 13. b3 Bb7 14. Re1 Nf6 15. Qh3 c5 16. Bb2 Rd8 17. dxc5 Bxc5 18. Rad1 Bb4 19. Rf1 Be7 20. Ne5 Bd6 21. Rfe1 Kg8 22.
Bc4 Bd5 23. Bxd5 Nxd5 24. c4 Nf6 25. Qe3 Bc5 26. Rxd8+ Qxd8 27. Qe2 Qc7 28. h4 h5 29. Rd1 Be7 30. Qd3 a5 31. g3 Qb7 32. Bc3 Bc5 33.
Nf3 Ne4 34. Qd8+ Kh7 35. Ng5+ Kg6 36. Qxh8 Bxf2+ 37. Kf1 Nxc3 38. Qh7+ Kf6 39. Rd2 Be3 40. Rg2 b5 41. Qd3 Bxg5 42. Qxc3+ Kg6 43. hxg5 b4 44. Qd3+ Kxg5 45. Qe3+ Kg6 46. Kf2 Qc6 47. Rh2 f5 48.
Kg1 a4 49. Re2 Kf7 50. Rd2 a3 51. Kh2 Kf6 52. Qd4+ Kg6 53. Qf4 Qc5 54. Qd4 Qc6 55. Qe3 Kf6 56. c5 h4 57. Qd4+ 1-0

[Event "*** Titled Tuesday 3|2 Blitz"]
[Site "Chess.com"]
[Date "2015.10.06"]
[Round "9"]
[White "Jahonas"]
[Black "Po6Don"]
[Result "1-0"]
[WhiteElo "2067"]
[BlackElo "2014"]
[TimeControl "180+2"]
[EndTime "18:46:35 PDT"]
[Termination "Jahonas won by resignation"]

1. d4 d5 2. c4 e5 3. dxe5 d4 4. Nf3 Nc6 5. a3 Bg4 6. e3 a5 7. Be2 Bc5 8. exd4 Bxd4 9. Nxd4 Qxd4 10. Bxg4 Nxe5 11. Be2 Qe4 12. O-O Nf6 13. Nc3 Qf5 14. Nd5 O-O 15. Ne7+ Kh8 16. Nxf5 Nf3+ 17. Bxf3 1-0

[Event "*** Titled Tuesday 3|2 Blitz"]
[Site "Chess.com"]
[Date "2015.10.06"]
[Round "9"]
[White "Tal-Baronfew"]
[Black "gmjlh"]
[Result "0-1"]
[WhiteElo "2741"]
[BlackElo "2635"]
[TimeControl "180+2"]
[EndTime "18:46:37 PDT"]
[Termination "gmjlh won by resignation"]

1. e4 e5 2. Nf3 Nc6 3. Bb5 Nf6 4.
O-O Nxe4 5. d4 Nd6 6. dxe5 Nxb5 7. a4 Nbd4 8. Nxd4 d5 9. Nxc6 bxc6 10. Qd3 Qd7 11. b3 Qf5 12. Qc3 c5 13. Ba3 Qg6 14.
Bxc5 Bxc5 15. Qxc5 Bh3 16. Qxd5 O-O 17. Qf3 Be6 18. Na3 Rad8 19. Rad1 Bg4 0-1

[Event "*** Titled Tuesday 3|2 Blitz"]
[Site "Chess.com"]
[Date "2015.10.06"]
[Round "9"]
[White "Goala"]
[Black "jlandaw"]
[Result "1-0"]
[WhiteElo "2211"]
[BlackElo "2372"]
[TimeControl "180+2"]
[EndTime "18:46:49 PDT"]
[Termination "Goala won by resignation"]

1. d4 d5 2. c4 c6 3. Nc3 e6 4.
e3 Nf6 5. Nf3 Nbd7 6. Qc2 Bd6 7.
b3 O-O 8. Bb2 Qe7 9. Be2 dxc4 10. bxc4 e5 11. O-O e4 12. Nd2 Re8 13. a4 Nf8 14. Rfd1 Bf5 15. h3 Bg6 16. Qb3 Nh5 17. Ba3 f5 18. Bxd6 Qxd6 19. c5+ 1-0

[Event "*** Titled Tuesday 3|2 Blitz"]
[Site "Chess.com"]
[Date "2015.10.06"]
[Round "9"]
[White "Penguininja"]
[Black "StellarChessPro"]
[Result "0-1"]
[WhiteElo "2146"]
[BlackElo "2251"]
[TimeControl "180+2"]
[EndTime "18:47:37 PDT"]
[Termination "StellarChessPro won by resignation"]

1. Nf3 d5 2. d4 c6 3. c4 Nf6 4. e3 e6 5. b3 Ne4 6. Bd3 f5 7.
O-O Bd6 8. Ba3 Bxa3 9. Nxa3 O-O 10. b4 Qe7 11. c5 Nd7 12. Qc2 g5 13. b5 g4 14. Ne5 Nxe5 15. dxe5 Bd7 16. Rfc1 Rf7 17.
Bxe4 fxe4 18. bxc6 Bxc6 19. Rd1 Raf8 20. Rd2 Qg5 21.
Qb2 h5 22. Nc2 h4 23. Nd4 Qxe5 24. Nxc6 Qxb2 25. Rxb2 bxc6 26. Rab1 Kg7 27. g3 h3 28. Kf1 Kf6 29. Ke1 Ke5 30. Rb4 Rxf2 0-1

[Event "*** Titled Tuesday 3|2 Blitz"]
[Site "Chess.com"]
[Date "2015.10.06"]
[Round "9"]
[White "Bab3s"]
[Black "simplerXiao"]
[Result "1-0"]
[WhiteElo "2147"]
[BlackElo "2406"]
[TimeControl "180+2"]
[EndTime "18:49:26 PDT"]
[Termination "Bab3s won by resignation"]

1. e4 c5 2. c3 Nf6 3. e5 Nd5 4. d4 cxd4 5. Nf3 Nc6 6. cxd4 d6 7. Bc4 Nb6 8. Bb5 dxe5 9. Nxe5 Bd7 10. Nxd7 Qxd7 11.
O-O e6 12. Nc3 Be7 13. Qg4 O-O-O 14. Bxc6 bxc6 15. Be3 f5 16. Qe2 g5 17. Rfc1 f4 18. Bd2 Kb8 19. Ne4 Nd5 20. b4 g4 21. a4 f3 22. Qc4 Nb6 23. Qc2 Qxd4 24. Bc3 Qc4 25. Be5+ Ka8 26. Qxc4 Nxc4 27. Bxh8 Nb6 28. Bf6 Bxf6 29.
Nxf6 fxg2 30. Nxg4 h5 31. Ne3 Rg8 32. Rxc6 1-0